 Dungeon Crawl Stone Soup version 0.27.1-3-gb3d3a73c9e (webtiles) character file.

Game seed: 13426586531643093952

996 omarspendo the Chopper (level 7, -4/61 HPs)
             Began as a Minotaur Berserker on Oct 19, 2021.
             Was a Priest of Trog.
             Slain by a phantom (5 damage)
             ... on level 5 of the Dungeon on Oct 21, 2021.
             The game lasted 00:34:12 (5317 turns).

omarspendo the Chopper (Minotaur Berserker)         Turns: 5317, Time: 00:34:13

Health: -4/61      AC:  7    Str: 22    XL:     7   Next: 99%
Magic:  6/6        EV: 11    Int:  4    God:    Trog [***...]
Gold:   167        SH:  0    Dex: 11    Spells: 6/6 levels left

rFire    + . .     SeeInvis +   X - +1 flail (holy)
rCold    . . .     Faith    .   (no shield)
rNeg     . . .     Spirit   .   f - +0 scale mail
rPois    .         Reflect  .   (helmet restricted)
rElec    .         Harm     .   (no cloak)
rCorr    .         Rampage  .   (no gloves)
Will     .....                  (no boots)
Stlth    ..........             (no amulet)
HPRegen  0.20/turn              g - ring of see invisible
MPRegen  0.10/turn              l - ring of protection from fire

@: no status effects
A: horns 2, retaliatory headbutt
a: Renounce Religion, Berserk, Trog's Hand


You were on level 5 of the Dungeon.
You worshipped Trog.
Trog was most pleased with you.
You visited 1 branch of the dungeon, and saw 5 of its levels.

You collected 206 gold pieces.
You spent 39 gold pieces at shops.

Inventory:

Hand Weapons
 a - a +0 quarterstaff
 d - a +0 trident
 h - a +0 hunting sling
 n - a +0 hand axe
 o - a +0 whip
 p - a +0 rapier
 q - a +0 whip
 u - a +1 spear of freezing
 v - a +0 club
 w - a +0 dagger
 x - a +0 short sword
 y - a +0 club
 B - a +0 dagger
 D - a +0 club
 E - a +0 club
 F - a +0 dagger
 G - a +0 flail
 H - a +0 flail
 L - a +0 dagger
 M - a +0 whip
 N - a +0 dagger
 O - a +0 long sword
 P - a +0 mace
 Q - a +0 mace
 R - a +0 falchion
 U - a +0 club
 X - a +1 flail of holy wrath (weapon)
Missiles
 i - 57 bolts
 k - 78 stones (quivered)
 C - 21 sling bullets
 J - 29 poisoned darts
 S - 2 throwing nets
Armour
 b - a +0 animal skin
 f - a +0 scale mail (worn)
 r - a +0 ring mail
 t - a +0 leather armour
 I - a +0 leather armour
 V - a +0 ring mail
Jewellery
 g - a ring of see invisible (left hand)
 l - a ring of protection from fire (right hand)
Wands
 K - a wand of charming (7)
 T - a wand of iceblast (8)
Scrolls
 e - a scroll of identify
 j - a scroll of magic mapping
 s - 2 scrolls of teleportation
 W - a scroll of fog {unknown}
 Y - 2 scrolls of fear {unknown}
Potions
 c - 2 potions of magic {unknown}
 m - 4 potions of degeneration
 z - a potion of resistance {unknown}
 A - 2 potions of flight {unknown}
 Z - a potion of might {unknown}


   Skills:
 + Level 5.4 Fighting
 + Level 7.1(7.7) Axes
 + Level 4.5(6.5) Maces & Flails
 + Level 6.3 Armour
 + Level 3.3 Dodging
 + Level 0.5 Stealth


You had 6 spell levels left.
You didn't know any spells.
Your spell library contained the following spells:

 Spells                   Type           Power      Damage    Failure   Level
 Static Discharge         Conj/Air       0%         N/A       91%         2
 Dispel Undead            Necr           0%         3d6       100%        4
 Sticky Flame             Conj/Fire      0%         2d3       100%        4


Dungeon Overview and Level Annotations

Branches:
Dungeon (5/15)
 Temple: D:4-7

Altars:
Kikubaaqudgha

Shops:
D:2 *   D:3 [!*   D:4 [


Innate Abilities, Weirdness & Mutations

You have a pair of horns on your head.
You reflexively headbutt those who attack you in melee.


Message History

Unknown command.
Unknown command.
You sock the hound!
You kill the hound!
Trog accepts your kill.
You see here a hound corpse.
Unknown command.
Unknown command.
Found an escape hatch in the floor.
Found a stone staircase leading up.
There is a stone staircase leading up here.
You open the door.
A centaur, a phantom and a skeleton come into view.
The centaur shouts!
The centaur wields a +0 shortbow.
The centaur shoots an arrow.
The arrow hits you.
The centaur shoots an arrow.
The arrow hits you!
The centaur shoots an arrow.
The arrow hits you!
There is an open door here.
There are monsters nearby!
The centaur shoots an arrow.
The arrow hits you!
There is a stone staircase leading up here.
The phantom hits you.
The phantom blinks!
You blink.
You closely miss the phantom. The phantom closely misses you.
You furiously retaliate!
You headbutt the phantom! You hit the phantom but do no damage.
You headbutt the phantom.
The phantom is moderately damaged.
The phantom hits you.
The phantom blinks!
You blink.
The centaur unwields a +0 shortbow.
The centaur hits you.
The centaur kicks you but does no damage.
The phantom hits you!
* * * LOW HITPOINT WARNING * * *
The centaur hits you.
* * * LOW HITPOINT WARNING * * *
The centaur barely misses you.
Found 16 gold pieces.
The centaur wields a +0 shortbow.
The centaur shoots an arrow.
The arrow hits you.
* * * LOW HITPOINT WARNING * * *
The phantom hits you.
You die...

#####......#
##...#.....
##<#######
#.# #.# ##
##'## .$
##...##
#.#.WZ..##
#..@.c§..##
##
#.........#
..
+.........+
##
#.........#
..........##
#####.....##
##...##
##+##


You could see a phantom, a centaur and a howler monkey skeleton.

Vanquished Creatures
  Eustachio (D:5)
  2 necrophages (D:4)
  A centaur (D:5)
  2 scorpions (D:5)
  A water moccasin skeleton (D:4)
  A hound (D:5)
  A jelly (D:5)
  A bullfrog zombie (D:5)
  An orc priest (D:4)
  3 iguanas
  Ijyb (D:4)
  2 orc wizards (D:4)
  A hound zombie (D:5)
  A hound skeleton (D:4)
  7 adders
  2 dart slugs (D:3)
  11 orcs
  2 ball pythons (D:4)
  3 endoplasms
  A giant cockroach (D:2)
  10 goblins
  4 hobgoblins
  6 jackals (D:3)
  5 bats
  6 kobolds
  3 rats
79 creatures vanquished.

Notes
Turn   | Place    | Note
-------+----------+-------------------------------------------
     0 | D:1      | omarspendo the Minotaur Berserker began the quest for the
                  | Orb.
     0 | D:1      | Reached XP level 1. HP: 19/19 MP: 0/0
   752 | D:1      | Found a faded altar of an unknown god.
   870 | D:1      | Reached skill level 4 in Axes
   932 | D:2      | Reached XP level 2. HP: 27/27 MP: 1/1
  1289 | D:2      | Found an ancient bone altar of Kikubaaqudgha.
  1323 | D:2      | Reached XP level 3. HP: 15/33 MP: 2/2
  1529 | D:2      | Found Fofusaupp's General Store.
  1545 | D:2      | Bought a scroll of teleportation for 39 gold pieces
  2098 | D:3      | Found Eqyaryj's Assorted Antiques.
  2221 | D:3      | Reached ** piety under Trog
  2222 | D:3      | Reached XP level 4. HP: 35/41 MP: 3/3
  2268 | D:3      | Found Xohunn's Antique Armour Boutique.
  2268 | D:3      | Found Wuomn's Distillery.
  2529 | D:4      | Reached skill level 5 in Axes
  2529 | D:4      | Reached XP level 5. HP: 39/47 MP: 4/4
  2981 | D:4      | Noticed a necrophage
  3002 | D:4      | Killed a necrophage
  3115 | D:4      | Noticed Ijyb
  3132 | D:4      | Killed Ijyb
  3223 | D:4      | Reached skill level 6 in Axes
  3223 | D:4      | Reached XP level 6. HP: 53/55 MP: 5/5
  3296 | D:4      | Reached skill level 5 in Fighting
  3296 | D:4      | Reached skill level 5 in Armour
  3954 | D:4      | Reached skill level 1 in Maces & Flails
  4012 | D:4      | Found Pionk's Antique Armour Shop.
  4146 | D:4      | Reached XP level 7. HP: 61/61 MP: 6/6
  4212 | D:5      | Entered Level 5 of the Dungeon
  4789 | D:5      | Reached skill level 7 in Axes
  4862 | D:5      | Noticed Eustachio
  4908 | D:5      | Killed Eustachio
  4966 | D:5      | Reached *** piety under Trog
  5317 | D:5      | HP: 1/61 [centaur/arrow (5)]
  5317 | D:5      | Slain by a phantom

Illustrated notes

Levels and vault maps discovered:
D:1:      sevenhm_arrival_forest_fort_small_4, layout_loops_corners,
          hellmonk_ecumenical_altar_slurped_away
D:2:      layout_loops_ring, serial_shops,
          nicolae_shop_competitors_out_of_business, basic_altar,
          grunt_ministairs_15, ebering_dispersal_statue_hall
D:3:      layout_rooms, serial_shops, shop, shop, nicolae_shop_stone,
          minmay_misc_feat_iff, minmay_unequal
D:4:      layout_basic, serial_shops, nicolae_shop_crystal, uniq_ijyb
D:5:      cheibrodos_two_vegetables, layout_loops_corners, temple_statues,
          uniq_eustachio

Skill      XL: |  1  2  3  4  5  6  7 |
---------------+----------------------+-----
Axes           | 4 5 6 7 |  7.1
Fighting       | 4 5 |  5.4
Armour         | 3 4 5 6 |  6.3
Maces & Flails | 1 4 |  4.5
Dodging        | 3 |  3.3
Stealth        | |  0.5

Action                   |  1- 3 |  4- 6 |  7- 9 || total
-------------------------+-------+-------+-------++-------
Melee: Hand axe          |    70 |    65 |       ||   135
       Headbutt          |     9 |    14 |    11 ||    34
       Flail             |       |    36 |    73 ||   109
Throw: Stone             |       |     1 |       ||     1
  Use: Scroll            |       |       |     2 ||     2
 Stab: Sleeping          |     1 |       |       ||     1
Armor: Animal skin       |     3 |       |       ||     3
       Scale mail        |    34 |    27 |    66 ||   127
Dodge: Dodged            |    37 |    40 |    66 ||   143
